 Dungeon Crawl Stone Soup version 0.29.1-13-g9f3cf754e1 (webtiles) character file.

Game seed: 5063064395707118445

1367 LSt the Spear-Bearer (level 8, -4/65 HPs)
             Began as a Merfolk Gladiator on Jan 25, 2023.
             Was an Initiate of Okawaru.
             Killed from afar by an electric eel (15 damage)
             ... with a bolt of electricity
             ... on level 6 of the Dungeon on Jan 28, 2023.
             The game lasted 00:34:44 (7868 turns).

LSt the Spear-Bearer (Merfolk Gladiator)            Turns: 7868, Time: 00:34:44

Health: -4/65      AC:  8    Str: 16    XL:     8   Next: 65%
Magic:  8/8        EV: 13    Int:  8    God:    Okawaru [......]
Gold:   429        SH:  5    Dex: 15    Spells: 7/7 levels left

rFire   + . .      SeeInvis .   a - +1 trident
rCold   . . .      Faith    .   (no shield)
rNeg    . . .      Spirit   .   o - +0 scale mail
rPois   .          Reflect  +   c - +1 helmet
rElec   .          Harm     .   (no cloak)
rCorr   .          Rampage  .   (no gloves)
Will    .....                   (boots currently unavailable)
Stlth   +.........              H - amulet of reflection
HPRegen 0.20/turn               C - ring of protection from fire
MPRegen 0.11/turn               (no ring)

@: studying Staves, very quick
A: nimble swimmer 2, mertail
a: Renounce Religion


You were on level 6 of the Dungeon.
You worshipped Okawaru.
Okawaru was noncommittal.
You visited 2 branches of the dungeon, and saw 7 of its levels.

You collected 429 gold pieces.

Inventory:

Hand Weapons
 a - a +1 trident (weapon)
 b - a +0 sling
 f - a +0 club
 i - a +0 dagger
 p - a +0 spear
 r - a +2 whip of freezing
 E - the +5 mace "Lixzid" {antimagic, rN++}
   (You took it off an orc wizard on level 4 of the Dungeon)

   It reduces the magical energy of the wielder, and disrupts the spells and
   magical abilities of those it strikes.
   Natural abilities and divine invocations are not affected.
   rN:        It greatly protects you from negative energy.
 I - a +0 halberd
Missiles
 d - 4 throwing nets (quivered)
 e - a javelin
 l - 34 stones
 m - 2 atropa-tipped darts
 v - 4 boomerangs
 w - 9 poisoned darts
Armour
 c - a +1 helmet (worn)
 o - a +0 scale mail (worn)
 q - a +0 ring mail
 u - a +0 leather armour
 N - a +0 pair of boots (melded)
Magical Staves
 A - a staff of fire
Jewellery
 y - a ring of wizardry
 C - a ring of protection from fire (left hand)
 H - an amulet of reflection (around neck)
 K - an amulet of magic regeneration
Wands
 D - a wand of charming (18)
 G - a wand of mindburst (13)
Scrolls
 g - 3 scrolls of enchant armour
 t - 2 scrolls of fog
 B - 3 scrolls of blinking
 F - 3 scrolls of noise {unknown}
 J - 2 scrolls of teleportation
 L - 2 scrolls of identify {unknown}
 M - a scroll of enchant weapon
Potions
 h - 2 potions of curing {unknown}
 j - 6 potions of might {unknown}
 k - a potion of lignification {unknown}
 n - 3 potions of resistance
 s - a potion of cancellation {unknown}
 x - a potion of brilliance {unknown}
 z - 2 potions of haste {unknown}
 O - a potion of invisibility {unknown}


   Skills:
 + Level 6.3 Fighting
 + Level 11.6 Polearms
 - Level 2.0 Throwing
 - Level 4.0 Dodging
 - Level 2.0 Evocations


You had 7 spell levels left.
You didn't know any spells.
Your spell library contained the following spells:

 Spells                   Type           Power      Damage    Failure   Level
 Portal Projectile        Hex/Tloc       0%         N/A       99%         3
 Leda's Liquefaction      Hex/Erth       0%         N/A       100%        4
 Olgreb's Toxic Radiance  Pois           0%         N/A       100%        4
 Ozocubu's Refrigeration  Ice            0%         4d7       100%        7
 Ignition                 Fire           0%         3d3       100%        8
 Call Canine Familiar     Summ           Unusable   N/A       N/A         3
 Animate Dead             Necr           Unusable   N/A       N/A         4
 Haunt                    Necr/Summ      Unusable   N/A       N/A         7
 Infestation              Necr           Unusable   N/A       N/A         8

Dungeon Overview and Level Annotations

Branches:
Dungeon (6/15)             Temple (1/1) D:6

Altars:
Ashenzari
Cheibriados
Dithmenos
Elyvilon
Fedhas
Gozag
Hepliaklqana
Kikubaaqudgha
Makhleb
Nemelex Xobeh
Okawaru
Qazlal
Ru
Sif Muna
Trog
Uskayaw
Vehumet
Wu Jian
Xom
Yredelemnul
Zin
The Shining One


Innate Abilities, Weirdness & Mutations

You are very nimble when in or above water. (Stealth+, EV+, Speed+++)
Your lower body shifts to a powerful aquatic tail in water.


Message History

The necrophage is almost destroyed.
You hit the necrophage.
You destroy the necrophage!
Okawaru accepts your kill.
You start resting.
HP restored.
Things that are here:
a +0 spear; a +0 spear Your +0 pair of boots unmelds from your body.
An electric eel comes into view.
The electric eel shoots out a bolt of lightning at you!
The bolt of electricity misses you.
The electric eel shoots out a bolt of lightning at you!
The bolt of electricity hits you!
The electric eel shoots out a bolt of lightning at you!
The bolt of electricity hits you. The bolt of electricity hits you!
Your legs become a tail as you enter the water.
Your +0 pair of boots melds into your body.
You barely miss the electric eel. You tail-slap the electric eel.
The electric eel is lightly wounded.
You hit the electric eel. You tail-slap the electric eel.
The electric eel is heavily wounded.
The electric eel shoots out a bolt of lightning at you!
The bolt of electricity hits you. The bolt of electricity hits you!
The bolt of electricity hits the electric eel.
The electric eel completely resists.
You are too injured to fight recklessly!
You hit the electric eel.
The electric eel is heavily wounded.
The electric eel shoots out a bolt of lightning at you!
The bolt of electricity hits you!
* * * LOW HITPOINT WARNING * * *
The bolt of electricity misses you.
The bolt of electricity hits the electric eel.
The electric eel completely resists.
You miss the electric eel. You tail-slap the electric eel.
The electric eel is heavily wounded.
The electric eel shoots out a bolt of lightning at you!
The bolt of electricity hits you!
You die...

..#.....#.......................#
..'.....#........>..............#
..#.....#.......................#
#########)..........^...........#
.#####....##############
....)......# .........#.#
....~~~~...# ~~..~~~@####
~~~~~PS~# ~~~P~~~~# ~P~P~~~~#
~≈≈~~~~P# ≈≈≈≈≈~P~♣ ≈≈≈≈≈≈~~♣
≈≈≈≈≈≈~♣♣


You could see an electric eel.

Vanquished Creatures
  An ice beast (D:5)
  2 ogres
  A phantom (D:5)
  3 necrophages
  A scorpion (D:6)
  2 electric eels (D:6)
  A howler monkey (D:5)
  6 hounds
  2 jellies
  An orc priest (D:6)
  A gnoll bouda (D:4)
  An orc wizard (D:4)
  Robin (D:2)
  7 gnolls
  10 adders
  A shadow imp (D:6)
  2 white imps
  An ufetubus (D:5)
  2 worms
  3 dart slugs
  21 orcs
  5 bats
  11 endoplasms
  3 giant cockroaches
  18 goblins
  11 hobgoblins
  3 jackals
  5 quokkas
  10 ball pythons
  4 frilled lizards
  11 kobolds
  4 rats (D:1)
  A spectral kobold (D:1)
156 creatures vanquished.

Vanquished Creatures (others)
  51 plants (D:6)
51 creatures vanquished.

Grand Total: 207 creatures vanquished

Notes
Turn   | Place    | Note
-------+----------+-------------------------------------------
     0 | D:1      | LSt the Merfolk Gladiator began the quest for the Orb.
     0 | D:1      | Reached XP level 1. HP: 16/16 MP: 1/1
   174 | D:1      | Reached XP level 2. HP: 23/23 MP: 2/2
   475 | D:1      | HP: 1/23 [kobold/+0 dagger (3)]
   955 | D:1      | Found a faded altar of an unknown god.
   981 | D:1      | Reached XP level 3. HP: 29/29 MP: 3/3
  1390 | D:1      | Reached skill level 5 in Polearms
  2076 | D:2      | Noticed Robin
  2120 | D:2      | Killed Robin
  2128 | D:2      | Reached XP level 4. HP: 35/35 MP: 4/4
  2684 | D:2      | Reached skill level 6 in Polearms
  2684 | D:2      | Reached XP level 5. HP: 42/42 MP: 5/5
  3606 | D:3      | Found a basalt altar of Yredelemnul.
  4227 | D:4      | Reached skill level 7 in Polearms
  4228 | D:4      | Identified the +5 mace "Lixzid" {antimagic, rN++}
  4427 | D:4      | Reached XP level 6. HP: 43/48 MP: 6/6
  4746 | D:4      | Reached skill level 8 in Polearms
  4960 | D:5      | Entered Level 5 of the Dungeon
  5311 | D:5      | Reached skill level 9 in Polearms
  5313 | D:5      | Reached XP level 7. HP: 52/54 MP: 7/7
  5467 | D:5      | Reached skill level 10 in Polearms
  5977 | D:5      | Reached skill level 5 in Fighting
  5977 | D:5      | Reached XP level 8. HP: 46/62 MP: 8/8
  6336 | D:6      | Reached skill level 11 in Polearms
  6620 | D:6      | Reached skill level 1 in Evocations
  7045 | D:6      | Found a staircase to the Ecumenical Temple.
  7050 | Temple   | Entered the Ecumenical Temple
  7358 | Temple   | Became a worshipper of Warmaster Okawaru
  7868 | D:6      | Killed from afar by an electric eel

Illustrated notes

Levels and vault maps discovered:
D:1:      onia_arrival_handbag, layout_loops_corners,
          dreamdust_ecumenical_altar_drowned_temple,
          nicolae_figureground_sparkle
D:2:      minmay_spotlight, layout_basic, st_stairs_11, feat_on_display,
          uniq_robin
D:3:      minmay_door_path, layout_basic, lemuel_round_altar,
          chequers_serial_rivers_micro_d, kennysheep_big_empty_room
D:4:      layout_rooms
D:5:      layout_cave_pools, minmay_manual_mess
D:6:      layout_gridville, minmay_temple_entry_glassed_door, serial_bayou,
          serial_bayou_shore_a, serial_bayou_ford_a, serial_bayou_lagoon_b,
          serial_bayou_lagoon_a
Temple:   regret_index_temple_sigil_plot

Skill      XL: |  1  2  3  4  5  6  7  8 |
---------------+-------------------------+-----
Fighting       | 3 4 5 6 |  6.3
Polearms       | 5 6 7 9 10 11 | 11.6
Evocations     | 2 |  2.0
Throwing       | |  2.0
Dodging        | |  4.0

Action                   |  1- 3 |  4- 6 |  7- 9 || total
-------------------------+-------+-------+-------++-------
Melee: Trident           |   135 |   278 |   179 ||   592
       Punch             |     2 |     1 |     3 ||     6
       Tailslap          |       |       |     8 ||     8
 Fire: Sling             |       |     2 |     2 ||     4
  Use: Scroll            |     4 |     4 |       ||     8
 Stab: Sleeping          |     4 |       |       ||     4
       Distracted        |     1 |       |       ||     1
Armor: Leather armour    |    17 |       |       ||    17
       Ring mail         |    10 |    50 |       ||    60
       Scale mail        |       |    33 |    34 ||    67
Dodge: Dodged            |    62 |   106 |    50 ||   218
Block: Other             |       |       |     3 ||     3
